 Dungeon Crawl Stone Soup version 0.28-a0-1202-g1e6f1b2279 (webtiles) character file.

Game seed: 17130307361979943163

27 shishkin the Sneak (level 2, -2/14 HPs)
             Began as a Spriggan Brigand on Dec 20, 2021.
             Slain by Sigmund (7 damage)
             ... on level 2 of the Dungeon.
             The game lasted 00:08:59 (1561 turns).

shishkin the Sneak (Spriggan Brigand)               Turns: 1561, Time: 00:09:00

Health: -2/14      AC:  2    Str:  7    XL:     2   Next: 93%
Magic:  3/3        EV: 17    Int: 12    God:
Gold:   31         SH:  0    Dex: 16    Spells: 1/1 levels left

rFire   + . .      SeeInvis +   g - +2 dagger (venom)
rCold   + . .      Faith    .   (shield restricted)
rNeg    . . .      Spirit   .   b - +0 robe
rPois   .          Reflect  .   (helmet restricted)
rElec   .          Harm     .   l - scarf {rC+ rF+}
rCorr   .          Rampage  .   (gloves unavailable)
Will    .....                   (boots unavailable)
Stlth   ++++......              f - amulet of magic regeneration
HPRegen 0.04/turn               (no ring)
MPRegen 0.48/turn               (no ring)

@: very quick
A: very small, no large weapons, unfitting armour, see invisible, speed 3
a: no special abilities


You were on level 2 of the Dungeon.
You visited 1 branch of the dungeon, and saw 2 of its levels.

You collected 31 gold pieces.

Inventory:

Hand Weapons
 g - a +2 dagger of venom (weapon)
Missiles
 a - a throwing net
 d - 3 poisoned darts (quivered)
 e - 2 curare-tipped darts
 j - 46 stones
Armour
 b - a +0 robe (worn)
 c - a +0 cloak
 l - a scarf of resistance (worn)
Jewellery
 f - an amulet of magic regeneration (around neck)
Scrolls
 h - 2 scrolls of teleportation {unknown}
 i - a scroll of identify {unknown}
Potions
 k - a potion of cancellation {unknown}
 m - a potion of curing {unknown}


   Skills:
 + Level 1.6 Fighting
 + Level 2.6 Short Blades
 + Level 2.0 Throwing
 * Level 1.9 Dodging
 * Level 6.9 Stealth


You had one spell level left.
You didn't know any spells.
Your spell library was empty.

Dungeon Overview and Level Annotations

Branches:
Dungeon (2/15)

Altars:

Shops:
D:2 :

Annotations:
D:2 Sigmund


Innate Abilities, Weirdness & Mutations

You are very small and have problems with some larger weapons.
You are too small for most types of armour.
You have supernaturally acute eyesight. (SInv)
You cover ground extremely quickly. (Speed+++)


Message History

Sigmund is moderately wounded.
Throw: 5 darts (poison)
Press: ? - help, Q - select action, (/) - cycle Shift-Dir - straight line, f/p - Sigmund
Aim: Sigmund, wielding a +0 scythe and wearing a +0 robe (moderately wounded, very poisoned, 57% to hit)
You throw a poisoned dart. The poisoned dart hits Sigmund.
Sigmund looks even sicker.
Sigmund is moderately wounded.
Throw: 4 darts (poison)
Press: ? - help, Q - select action, (/) - cycle Shift-Dir - straight line, f/p - Sigmund
Aim: Sigmund, wielding a +0 scythe and wearing a +0 robe (moderately wounded, very poisoned, 57% to hit)
You throw a poisoned dart.
The poisoned dart closely misses Sigmund.
Sigmund casts a spell at you. You resist with some effort.
Sigmund closely misses you.
You hit Sigmund.
Sigmund looks as sick as possible!
Sigmund is moderately wounded.
You closely miss Sigmund.
Sigmund is moderately wounded.
Sigmund casts a spell at you. You resist with some effort.
You hit Sigmund.
Sigmund looks as sick as possible!
Sigmund is moderately wounded.
Sigmund barely misses you.
You hit Sigmund.
Sigmund looks as sick as possible!
Sigmund is heavily wounded.
You barely miss Sigmund.
Sigmund is heavily wounded.
Sigmund closely misses you.
You hit Sigmund.
Sigmund is severely wounded.
You closely miss Sigmund.
Sigmund is severely wounded.
Sigmund gestures at you while chanting. The puff of flame hits you. You resist.
You completely miss Sigmund.
Sigmund is severely wounded.
Sigmund hits you with a +0 scythe!
Ouch! That really hurt!
You die...

#. #)............###
#. #.............#..
#.# #.............#..
#.# #.............#..
#.####.............#..
#>....................
#(....................
#...................##
#.((@@.........####.##
#.####.######### #...
#.# #.# #### #)# #..
#. #.# ###. #. #.# .#
#. #@# . #. #.( .. #.
#.. ≈. #.


You could see Sigmund (extremely poisoned).

Vanquished Creatures
  2 ball pythons (D:1)
  2 endoplasms
  A giant cockroach (D:1)
  4 goblins
  4 hobgoblins
  4 kobolds
  2 quokkas (D:1)
  2 bats
  3 rats
24 creatures vanquished.

Notes
Turn   | Place    | Note
-------+----------+-------------------------------------------
     0 | D:1      | shishkin the Spriggan Brigand began the quest for the Orb.
     0 | D:1      | Reached XP level 1. HP: 10/10 MP: 2/2
    23 | D:1      | You fall into a shaft and drop 1 floor!
    68 | D:1      | Reached skill level 6 in Stealth
   291 | D:1      | Reached XP level 2. HP: 4/14 MP: 3/3
   537 | D:1      | Found a faded altar of an unknown god.
  1292 | D:2      | Found Doehuady's Book Emporium.
  1538 | D:2      | Noticed Sigmund
  1561 | D:2      | Slain by Sigmund

Illustrated notes

Levels and vault maps discovered:
D:1:      erik_arrival_blinker_ship, layout_basic, basic_ecumenical_altar
D:2:      layout_basic, serial_shops, shop_fountains, minivault_25,
          corexii_item_surrounded_by_moat, uniq_sigmund

Skill      XL: |  1 |
---------------+----+-----
Stealth        | 6 |  6.9
Fighting       | |  1.6
Short Blades   | |  2.6
Throwing       | |  2.0
Dodging        | |  1.9

Action                   || total
-------------------------++-------
Melee: Dagger            ||    77
Throw: Dart              ||     5
 Stab: Sleeping          ||     6
       Distracted        ||     1
Armor: Robe              ||     9
Dodge: Dodged            ||    48

Table legend: (Time is in decaauts)
 A = Elapsed time spent in this place.
 B = Non-inter-level travel time spent in this place.
 C = Inter-level travel time spent in this place.
 D = Time resting spent in this place.
 E = Time spent auto-exploring this place.
 F = Levels seen in this place.
 G = Mean time per level.
                   A        B        C        D        E       F      G
               +--------+--------+--------+--------+--------+-----+--------+
         Total |   1212 |   1188 |     24 |    371 |    603 |   2 |  606.0 |
       Dungeon |   1212 |   1188 |     24 |    371 |    603 |   2 |  606.0 |
               +--------+--------+--------+--------+--------+-----+--------+

Top non-repeatable levels by time:
     D:1: 978 daAuts
     D:2: 233 daAuts
